 Dungeon Crawl Stone Soup version 0.31-a0-819-gf6de2f5ab6 (webtiles) character file.

Game seed: 13957146009138488031

1022 DApurpleWHUMPUS the Thaumaturge (level 8, -6/41 HPs)
             Began as a Deep Elf Conjurer on Sept 24, 2023.
             Mangled by a gnoll sergeant
             ... wielding a +3 heavy spear
              (17 damage)
             ... on level 5 of the Dungeon.
             The game lasted 00:14:40 (5390 turns).

DApurpleWHUMPUS the Thaumaturge (Deep Elf Conjurer) Turns: 5390, Time: 00:14:43

Health: -6/41      AC:  4    Str:  4    XL:     8   Next: 2%
Magic:  0/22       EV: 11    Int: 26    God:
Gold:   207        SH:  0    Dex: 13    Spells: 10/24 levels left

rFire   . . .        n - +1 short sword (vamp)
rCold   . . .        (no shield)
rNeg    . . .        s - +0 leather armour
rPois   .            (no helmet)
rElec   .            (no cloak)
rCorr   .            (no gloves)
SInv    .            q - +0 pair of boots
Will    .....        o - amulet of guardian spirit
Stlth   ++           (no ring)
HPRegen 0.26/turn    (no ring)
MPRegen 0.18/turn

%: guardian spirit
@: no status effects
A: no striking features
a: no special abilities


You were on level 5 of the Dungeon.
You visited 1 branch of the dungeon, and saw 5 of its levels.

You collected 207 gold pieces.

Inventory:

Hand Weapons
 n - a +1 vampiric short sword (weapon)
Missiles
 h - 2 throwing nets
Armour
 a - a +0 robe
 q - a +0 pair of boots (worn)
 s - a +0 leather armour (worn)
Jewellery
 o - an amulet of guardian spirit (around neck)
Wands
 r - a wand of flame (26)
Scrolls
 d - a scroll of acquirement {unknown}
 e - 5 scrolls of identify {unknown}
 f - a scroll of fog {unknown}
 i - a scroll of teleportation {unknown}
 j - 3 scrolls of noise {unknown}
 k - a scroll of amnesia {unknown}
 l - a scroll of revelation {unknown}
 m - 2 scrolls of immolation {unknown}
 t - a scroll of blinking {unknown}
 v - a scroll of vulnerability {unknown}
 w - a scroll of poison {unknown}
Potions
 b - 2 potions of magic
 c - a potion of cancellation
 p - a potion of degeneration {unknown}
 u - a potion of ambrosia {unknown}


   Skills:
 - Level 2.4 Dodging
 - Level 2.4 Stealth
 * Level 8.5 Spellcasting
 * Level 8.0 Conjurations
 + Level 3.4 Ice Magic


You had 10 spell levels left.
You knew the following spells:

 Your Spells              Type           Power      Damage    Failure   Level
a - Magic Dart            Conj           100%       1d8       1%          1
b - Searing Ray           Conj           100%       2d8       1%          2
c - Dazzling Flash        Conj/Hex       64%        N/A       5%          3
d - Iskenderun's Mystic   Conj/Tloc      32%        2d8       19%         4
e - Hailstorm             Conj/Ice       41%        3d10      2%          3
f - Freeze                Ice            100%       1d10      2%          1

Your spell library contained the following spells:

 Spells                   Type           Power      Damage    Failure   Level
 Frozen Ramparts          Ice            58%        1d9       7%          3
 Slow                     Hex            44%        N/A       10%         1
 Fulminant Prism          Conj/Hex       16%        3d10      19%         4
 Confusing Touch          Hex            11%        N/A       28%         3
 Sigil of Binding         Hex            11%        N/A       28%         3
 Vampiric Draining        Necr           11%        2d6       28%         3


Dungeon Overview and Level Annotations

Branches:
Dungeon (5/15)
 Temple: D:4-7

Altars:
Vehumet
Wu Jian
Yredelemnul


Message History

Confirm with . or Enter, or press ? or * to list all spells.
You don't know that spell.
Casting: Magic Dart (safe; 1% risk of failure)
Confirm with . or Enter, or press ? or * to list all spells.
Casting: Dazzling Flash (dangerous; 5% risk of failure)
Press: ? - help, Dir - look around, f - activate
Okay, then.
Casting: Dazzling Flash (dangerous; 5% risk of failure)
Confirm with . or Enter, or press ? or * to list all spells.
Aiming: Searing Ray (safe; 1% risk of failure)
Press: ? - help, Shift-Dir - straight line, f - gnoll sergeant
Aim: a gnoll sergeant, wielding a +3 heavy spear, wearing a +0 ring mail and wearing a +0 kite shield (90% to hit)
The searing ray hits the gnoll sergeant.
The gnoll sergeant is lightly wounded. (Press . to maintain the ray.)
The gnoll sergeant hits you from afar with a +3 heavy spear!
The searing ray hits the gnoll sergeant.
The gnoll sergeant is moderately wounded.
The gnoll sergeant hits you from afar with a +3 heavy spear!
The searing ray hits the gnoll sergeant.
The gnoll sergeant is moderately wounded.
The searing ray hits the gnoll!
The gnoll is severely wounded.
The searing ray hits the gnoll sergeant!
The gnoll sergeant is severely wounded.
The searing ray hits the gnoll!
You kill the gnoll!
You finish channelling your searing ray.
The gnoll sergeant hits you from afar with a +3 heavy spear!
* * * LOW HITPOINT WARNING * * *
Unknown command.
Casting: Searing Ray (safe; 1% risk of failure)
Confirm with . or Enter, or press ? or * to list all spells.
Aiming: Magic Dart (safe; 1% risk of failure)
Press: ? - help, Shift-Dir - straight line, f/p - gnoll sergeant
Aim: a gnoll sergeant, wielding a +3 heavy spear, wearing a +0 ring mail and wearing a +0 kite shield (severely wounded, 100% to hit)
The magic dart hits the gnoll sergeant but does no damage.
The gnoll sergeant is severely wounded.
The gnoll sergeant hits you from afar with a +3 heavy spear!!
You die...

... ... ####### ..
#.....# #.# #.....# .
#g.##.....# .
#..#....######.#.#..
#.#.........#.#...#
#)g.@#.####.#.#...#
####...####.#.#...###
...#....#.#.#......
#....#.#....#.#....##
.....'.#..รท##......#
#....###..>'.......#
.....'.....####....#
#.....###...# ##...#
# . ##### #...##


You could see a gnoll sergeant.

Vanquished Creatures
  Grinder (D:3)
  A water moccasin (D:5)
  An ice beast (D:5)
  An ogre (D:4)
  A centaur (D:5)
  2 scorpions (D:4)
  2 orc priests (D:3)
  2 jellies
  A sleepcap (D:5)
  Robin (D:2)
  2 gnolls (D:5)
  8 adders
  A shadow imp (D:4)
  2 white imps (D:5)
  An ufetubus (D:5)
  A dart slug (D:1)
  7 orcs
  3 bats
  8 endoplasms
  2 giant cockroaches
  14 goblins
  10 hobgoblins
  3 jackals (D:2)
  4 quokkas
  9 ball pythons
  4 frilled lizards
  3 kobolds
  3 rats
98 creatures vanquished.

Notes
Turn   | Place    | Note
-------+----------+-------------------------------------------
     0 | D:1      | DApurpleWHUMPUS the Deep Elf Conjurer began the quest for
                  | the Orb.
     0 | D:1      | Reached XP level 1. HP: 10/10 MP: 6/6
   277 | D:1      | Reached XP level 2. HP: 15/15 MP: 5/8
   713 | D:2      | Reached skill level 5 in Conjurations
   713 | D:2      | Reached XP level 3. HP: 19/19 MP: 3/10
   716 | D:2      | Learned a level 2 spell: Searing Ray
   720 | D:2      | Learned a level 3 spell: Dazzling Flash
  1118 | D:2      | Noticed Robin
  1250 | D:2      | Killed Robin
  1251 | D:2      | Reached XP level 4. HP: 24/24 MP: 7/12
  1389 | D:2      | Reached skill level 5 in Spellcasting
  1997 | D:2      | Learned a level 4 spell: Iskenderun's Mystic Blast
  2038 | D:3      | Identified the +2 ring mail of Distant Shores {Drain Str+5
                  | SInv}
  2539 | D:3      | Reached XP level 5. HP: 28/28 MP: 5/15
  2566 | D:3      | Learned a level 3 spell: Hailstorm
  2945 | D:3      | Noticed Grinder
  2958 | D:3      | Paralysed by Grinder for 5 turns
  2994 | D:3      | Killed Grinder
  2995 | D:3      | Reached skill level 1 in Ice Magic
  2995 | D:3      | Reached XP level 6. HP: 13/32 MP: 0/17
  3141 | D:3      | Found an ornate altar of the Wu Jian Council.
  3223 | D:3      | Found a faded altar of an unknown god.
  3563 | D:4      | Learned a level 1 spell: Freeze
  3937 | D:4      | Reached XP level 7. HP: 36/36 MP: 12/19
  4249 | D:4      | Found a radiant altar of Vehumet.
  4249 | D:4      | Found a basalt altar of Yredelemnul.
  4451 | D:5      | Entered Level 5 of the Dungeon
  5358 | D:5      | Reached XP level 8. HP: 41/41 MP: 8/22
  5390 | D:5      | Mangled by a gnoll sergeant

Illustrated notes

Levels and vault maps discovered:
D:1:      onia_arrival_pyramid, layout_rooms
D:2:      cheibrodos_old_hovel, layout_loops_ring, uniq_robin
D:3:      layout_basic, nicolae_wu_jian_immortal_techniques,
          shapermc_ecumenical_altar_petra, uniq_grinder
D:4:      nicolae_cairo_tiling_large, layout_gridville,
          amethyst_overflow_temple_binary
D:5:      layout_basic

Skill      XL: |  1  2  3  4  5  6  7 |
---------------+----------------------+-----
Spellcasting   | 4 5 6 7 8 |  8.5
Conjurations   | 5 6 7 8 |  8.0
Ice Magic      | 1 2 3 |  3.4
Dodging        | |  2.4
Stealth        | |  2.4

Action                     |  1- 3 |  4- 6 |  7- 9 || total
---------------------------+-------+-------+-------++-------
  Melee: Short sword       |       |    12 |     7 ||    19
   Cast: Magic Dart        |    49 |    66 |    46 ||   161
         Searing Ray       |     3 |     6 |     5 ||    14
         Hailstorm         |       |     2 |     4 ||     6
         Freeze            |       |     6 |     3 ||     9
         Dazzling Flash    |       |       |     1 ||     1
    Use: Potion            |       |       |     5 ||     5
 Armour: Robe              |     6 |    13 |       ||    19
         Leather armour    |       |     6 |    32 ||    38
  Dodge: Dodged            |     4 |    14 |    25 ||    43

Table legend: (Time is in decaauts)
 A = Elapsed time spent in this place.
 B = Non-inter-level travel time spent in this place.
 C = Inter-level travel time spent in this place.
 D = Time resting spent in this place.
 E = Time spent auto-exploring this place.
 F = Levels seen in this place.
 G = Mean time per level.
                   A        B        C        D        E       F      G
               +--------+--------+--------+--------+--------+-----+--------+
         Total |   5390 |   5251 |    139 |   1400 |   3241 |   5 | 1078.0 |
       Dungeon |   5390 |   5251 |    139 |   1400 |   3241 |   5 | 1078.0 |
               +--------+--------+--------+--------+--------+-----+--------+

Top non-repeatable levels by time:
     D:3: 1494 daAuts
     D:2: 1119 daAuts
     D:4: 982 daAuts
     D:1: 905 daAuts
     D:5: 889 daAuts
